Map: Ley Lines

Players

Geralt (Gerald) - Winner!

  • Race: Protoss Protoss
  • League: Grandmaster
  • Spawn Location: 1:00

Highdra

  • Race: Protoss Protoss
  • League: Master
  • Spawn Location: 7:00

Event: HomeStory Cup XXVII

VOD

Have the link to the VOD?

Description

Time

  • Played on: June 28, 2025, 7:26 a.m.
  • Length: 9:48

All games in this series

Show
View Real Time Build Order
Export as new Build Order

Geralt Protoss - Winner!

Build Orders: Blink Stalkers 

Get SALT Encoding   

  12  0:00  Probe  
  13  0:12  Probe  
  14  0:17  Pylon  
  14  0:22  Probe  
  15  0:31  Probe  
  16  0:36  Gateway  
  16  0:39  Probe  
  16  0:46  Assimilator  
  17  0:51  Probe  
  17  0:54  Assimilator  
  18  0:59  Probe  
  19  1:06  Gateway  
  19  1:08  Probe  
  19  1:18  Probe  
  21  1:25  Cybernetics Core  
  21  1:30  Probe  
  22  1:36  Pylon  
  22  1:42  Probe  
  23  1:54  Probe  
  23  2:02  Warp Gate  
  23  2:03  Sentry  
  23  2:06  Probe  
  28  2:17  Nexus  
  28  2:20  Probe  
  27  2:23  Sentry  
  29  2:31  Pylon  
  28  2:38  Pylon  
  28  2:39  Stalker  
  28  2:40  Probe  
  31  2:51  Twilight Council  
  31  2:58  Shield Battery  
  31  3:01  Probe  
  32  3:13  Probe  
  32  3:19  Blink  
  33  3:25  Probe  
  34  3:36  Probe  
  34  3:37  Probe  
  34  3:38  Shield Battery  
  34  3:41  Gateway  
  36  3:48  Probe  
  36  3:49  Probe  
  36  3:51  Stalker  
  36  3:54  Stalker  
  40  4:12  Probe  
  40  4:13  Probe  
  40  4:15  Stalker  
  42  4:20  Stalker  
  44  4:24  Probe  
  44  4:26  Probe  
  46  4:32  Robotics Facility  
  46  4:36  Probe  
  46  4:38  Probe  
  48  4:41  Stalker x2  
  52  4:47  Stalker  
  52  4:52  Pylon  
  54  4:57  Nexus  
  54  5:03  Pylon  
  54  5:10  Probe  
  54  5:12  Stalker x2  
  59  5:15  Probe  
  59  5:20  Stalker  
  59  5:21  Observer  
  62  5:22  Probe  
  64  5:28  Probe  
  64  5:34  Gateway, Probe  
  66  5:40  Probe  
  66  5:41  Immortal  
  65  5:43  Forge  
  65  5:46  Probe  
  70  5:58  Gateway  
  70  5:59  Pylon  
  70  6:06  Protoss Ground Weapons Level 1, Shield Battery  
  70  6:09  Probe x2  
  72  6:13  Probe  
  72  6:14  Stalker x3  
  79  6:21  Probe x2  
  79  6:25  Charge  
  81  6:26  Probe  
  82  6:33  Probe  
  83  6:42  Probe  
  85  6:48  Probe  
  85  6:49  Gateway  
  85  6:50  Gateway  
  86  6:54  Gateway  
  86  6:56  Pylon, Gateway  
  86  6:59  Gateway  
  86  7:00  Zealot x3  
  91  7:03  Gateway  
  91  7:17  Probe  
  90  7:28  Immortal  
  94  7:35  Zealot x4  
  98  7:46  Pylon  
  98  7:49  Pylon  
  98  7:51  Pylon  
  98  7:52  Pylon  
  98  7:54  Nexus  
  98  7:55  Templar Archives  
  98  7:56  Photon Cannon  
  98  7:57  Warp Prism  
  98  7:58  Photon Cannon  
  98  8:05  Zealot  
  98  8:06  Zealot x4  
  98  8:08  Pylon  
  110  8:15  Zealot x3  
  110  8:18  Zealot  
  118  8:29  Zealot x5  
  126  8:43  Photon Cannon  
  127  8:54  Zealot  
  127  8:55  Zealot x6  
  140  9:07  Pylon  
  140  9:09  Pylon, High Templar x2  
  144  9:10  Zealot x2  
  144  9:11  Pylon  
  144  9:12  Probe  
  144  9:14  Archon  
  144  9:15  Zealot x2  
  144  9:16  Zealot x2  
  153  9:25  Zealot x3  
  149  9:38  Zealot x6  
Show
View Real Time Build Order
Export as new Build Order

Highdra Protoss 

Build Orders:  

Get SALT Encoding   

  12  0:00  Probe  
  13  0:12  Probe  
  14  0:17  Pylon  
  14  0:24  Probe  
  15  0:32  Probe  
  15  0:36  Gateway  
  15  0:40  Probe  
  16  0:45  Assimilator  
  17  0:50  Probe  
  17  0:54  Assimilator  
  18  0:59  Probe  
  19  1:07  Gateway, Probe  
  19  1:17  Probe  
  21  1:25  Cybernetics Core  
  21  1:30  Probe  
  22  1:36  Pylon  
  22  1:42  Probe  
  23  1:53  Warp Gate  
  23  1:54  Probe  
  23  1:59  Stalker  
  24  2:01  Sentry  
  28  2:10  Pylon, Probe  
  29  2:25  Stalker  
  29  2:26  Stalker  
  33  2:50  Nexus  
  33  2:55  Sentry  
  35  2:58  Stalker  
  37  3:08  Probe  
  38  3:15  Pylon  
  38  3:20  Probe  
  39  3:33  Probe  
  40  3:38  Twilight Council  
  40  3:40  Forge  
  40  3:41  Probe  
  41  4:00  Probe  
  38  4:10  Protoss Ground Weapons Level 1, Probe  
  38  4:16  Probe  
  37  4:18  Probe  
  37  4:23  Stalker x2  
  43  4:28  Probe x2  
  43  4:30  Shield Battery  
  45  4:39  Probe  
  45  4:40  Probe  
  47  4:51  Probe  
  47  4:52  Probe  
  49  4:53  Gateway  
  49  4:54  Gateway  
  49  4:59  Gateway  
  49  5:04  Probe, Sentry  
  52  5:07  Stalker  
  52  5:10  Pylon  
  54  5:22  Gateway  
  54  5:33  Stalker x2  
  56  5:43  Probe x2  
  56  5:44  Twilight Council  
  56  5:48  Assimilator  
  56  5:49  Assimilator  
  58  5:55  Probe x2  
  58  5:56  Stalker  
  62  5:58  Pylon  
  61  6:04  Pylon  
  61  6:05  Pylon  
  61  6:17  Nexus  
  61  6:18  Pylon  
  61  6:23  Protoss Ground Weapons Level 2  
  60  6:26  Probe x2, Stalker x5  
  72  6:34  Probe  
  72  6:36  Probe  
  72  6:37  Charge  
  71  6:45  Probe  
  71  6:46  Probe  
  74  6:57  Probe  
  74  6:58  Probe  
  74  6:59  Pylon  
  76  7:05  Robotics Facility  
  76  7:09  Probe  
  76  7:10  Pylon  
  76  7:11  Probe  
  73  7:25  Stalker x5  
  79  7:34  Probe x2  
  73  7:40  Probe  
  73  7:43  Stalker  
  70  7:46  Probe x2  
  70  7:47  Gateway  
  72  7:52  Zealot x4  
  72  7:53  Sentry  
  82  8:01  Templar Archives  
  82  8:05  Warp Prism  
  82  8:08  Pylon  
  82  8:09  Zealot  
  82  8:11  Pylon  
  86  8:25  Zealot x2  
  86  8:26  Zealot x3  
  96  8:28  Immortal  
  96  8:38  High Templar  
  98  8:43  High Templar  
  98  8:47  Archon  
  104  8:48  Pylon  
  104  8:49  Zealot x4  
  108  9:04  Zealot  
  108  9:06  Immortal  
  110  9:10  Zealot x4  
  118  9:20  Zealot x2  
  98  9:35  Zealot x3  
Tags
 
Composition
Blink Stalkers
Matchup
PvP
Replay Pack
hsc27
Spawn Locations
Cross Positions
Add a new tag
Caveats
  • Supply blocks, unpowered buildings, or Contaminate may cause inaccurate times.
  • Supply counts are checked every 10 seconds.